 Dungeon Crawl Stone Soup version 0.18.1-50-g88ac8fd (webtiles) character file.

769 RudyRod the Sneak (level 7, -4/63 HPs)
             Began as a Naga Fighter on Oct 17, 2016.
             Slain by Menkaure (18 damage)
             ... on level 4 of the Dungeon.
             The game lasted 00:22:07 (4973 turns).

RudyRod the Sneak (Naga Fighter)                    Turns: 4973, Time: 00:22:07

Health: -4/63      AC:  7    Str: 19      XL:     7   Next: 82%
Magic:  7/7        EV:  6    Int:  7 (9)  God:
Gold:   125        SH:  0    Dex:  9 (11) Spells: 0 memorised, 6 levels left

rFire  . . .     SeeInvis +     a - +0 trident
rCold  . . .     Gourm    .     b - +1 scale mail
rNeg   . . .     Faith    .     c - +0 shield
rPois  +         Spirit   .     (no helmet)
rElec  .         Dismiss  .     (no cloak)
rCorr  .         Reflect  .     (no gloves)
SustAt .         Harm     .     (no barding)
MR     .....                    (no amulet)
Stlth  ..........               (no ring)
                                (no ring)

@: confused, very slow, not resistant to hostile enchantments, extremely
unstealthy
A: see invisible, deformed body, poison resistance, slowness 2, slow metabolism
1, spit poison 2, AC +2
a: Spit Poison


You were on level 4 of the Dungeon.
You were not hungry.

You visited 1 branch of the dungeon, and saw 4 of its levels.
You also visited: Ossuary.

You collected 125 gold pieces.

Inventory:

Hand Weapons
 a - a +0 trident (weapon)
 g - a +2 dagger of protection
Armour
 b - a +1 scale mail (worn)
 c - a +0 shield (worn)
Jewellery
 q - an uncursed ring of poison resistance {unknown}
 t - an uncursed ring of poison resistance {unknown}
Scrolls
 e - a scroll of enchant armour
 l - 2 scrolls of identify
 n - 2 scrolls of amnesia
 o - a scroll of teleportation
 p - 2 scrolls of remove curse
 r - a scroll of immolation
 x - a scroll of random uselessness {unknown}
 y - a scroll of blinking {unknown}
Potions
 h - a potion of mutation {unknown}
 i - 2 potions of curing {unknown}
 j - 2 potions of flight {unknown}
 m - a potion of ambrosia
Comestibles
 f - 2 bread rations
 k - 2 meat rations
 s - 11 chunks of flesh


   Skills:
 + Level 3.8 Fighting
 + Level 3.3 Polearms
 + Level 3.9 Armour
 * Level 3.5 Dodging
 * Level 5.6 Stealth
 + Level 3.3 Shields


You had 6 spell levels left.
You didn't know any spells.

Dungeon Overview and Level Annotations

Branches:
Dungeon (4/15)
 Temple: D:4-7

Altars:
Ashenzari
Makhleb
Ru
Xom
The Shining One

Annotations:
D:4 Menkaure


Innate Abilities, Weirdness & Mutations

You cannot wear boots.
Your serpentine skin is tough (AC +2).
You have supernaturally acute eyesight.
Armour fits poorly on your strangely shaped body.
Your system is resistant to poisons.
You cover ground very slowly.
You have a slow metabolism.
You can spit poison.


Message History

Aim: Menkaure The splash of poison hits Menkaure.
Menkaure completely resists.
You feel slightly more hungry. Menkaure barely misses you.
Drink which item? (? for menu, Esc to quit)
You are confused.
You feel invigorated.
You're too confused to move!
Menkaure hits you.
You hit Menkaure.
Menkaure is moderately damaged.
Menkaure closely misses you.
You bump into the rock wall.
You have got your breath back.
Menkaure hits you!
* * * LOW HITPOINT WARNING * * *
You bump into the rock wall.
Menkaure casts a spell at you. Pain shoots through your body!
* * * LOW HITPOINT WARNING * * *
You bump into the rock wall.
Menkaure hits you!!
You die...

.............#)#....## ##.#
....................# #.#
...........###......# #.#
..##....## #......# #.#
#.....# #......# ## #.#
#.##### #......# .. #.#
#########.#.##
######.############........
#...............@M........#
#(####.############.###.#.#
#.# #.# #.# #.# #.# #.. #(#
#.# #### #.# #.# #.# #.#
#.####.# #......#


You could see Menkaure.

Vanquished Creatures
  The ghost of Shufflesack the Magician, an amateur DEWz (D:4)
  An ogre (D:3)
  An elf zombie (Ossuary)
  A howler monkey (D:4)
  A centaur zombie (Ossuary)
  A human zombie (Ossuary)
  Ijyb (D:1)
  Natasha (D:4)
  2 orc wizards
  A worker ant (D:4)
  A big kobold zombie (Ossuary)
  2 mummies (Ossuary)
  2 gnolls
  6 adders
  An ooze (D:1)
  2 adder zombies (Ossuary)
  3 dart slugs
  2 giant geckos
  6 orcs
  4 giant cockroaches
  13 goblins
  6 hobgoblins
  2 jackals (D:3)
  5 kobolds
  4 quokkas
  2 ball pythons
  8 bats
  7 giant newts
  9 hobgoblin zombies (Ossuary)
  3 jackal zombies (Ossuary)
  11 kobold zombies (Ossuary)
  8 orc zombies (Ossuary)
  A quokka skeleton (D:4)
  10 rats
129 creatures vanquished.

Notes
Turn   | Place    | Note
--------------------------------------------------------------
     0 | D:1      | RudyRod the Naga Fighter began the quest for the Orb.
     0 | D:1      | Reached XP level 1. HP: 21/21 MP: 1/1
    84 | D:1      | Reached XP level 2. HP: 13/28 MP: 2/2
   534 | D:1      | Reached skill level 1 in Stealth
   750 | D:1      | Reached XP level 3. HP: 34/34 MP: 3/3
   861 | D:1      | Reached skill level 1 in Dodging
   957 | D:2      | Found a faded altar to an unknown god.
   958 | D:2      | Noticed Ijyb
   981 | D:1      | Killed Ijyb
   981 | D:1      | Reached XP level 4. HP: 25/42 MP: 4/4
  1133 | D:2      | Reached skill level 2 in Stealth
  1513 | D:2      | Found a burning altar of Makhleb.
  2321 | D:3      | Reached XP level 5. HP: 34/49 MP: 5/5
  2679 | D:3      | Noticed an ogre
  2712 | D:3      | Killed an ogre
  2712 | D:3      | Reached skill level 3 in Stealth
  2712 | D:3      | Reached XP level 6. HP: 50/56 MP: 6/6
  3448 | D:4      | Found a sacrificial altar of Ru.
  3449 | D:4      | Found a shimmering altar of Xom.
  3456 | D:4      | Found a shattered altar of Ashenzari.
  3456 | D:4      | Found a glowing golden altar of the Shining One.
  3490 | D:4      | Noticed Shufflesack's ghost (amateur DEWz)
  3494 | D:4      | Noticed Natasha
  3507 | D:4      | Killed Shufflesack's ghost
  3507 | D:4      | Reached skill level 4 in Stealth
  3507 | D:4      | Reached XP level 7. HP: 48/62 MP: 7/7
  3515 | D:4      | Killed Natasha
  3645 | D:4      | Found a sand-covered staircase.
  3651 | Ossuary  | Entered an ossuary
  3929 | Ossuary  | HP: 1/62 [hobgoblin zombie (3)]
  3938 | Ossuary  | HP: 2/62 [human zombie (2)]
  3971 | Ossuary  | HP: 3/62 [adder zombie (3)]
  3971 | Ossuary  | HP: 1/62 [adder zombie (2)]
  4378 | Ossuary  | Reached skill level 5 in Stealth
  4955 | D:4      | Noticed Menkaure
  4973 | D:4      | Slain by Menkaure

Skill      XL: |  1  2  3  4  5  6  7 |
---------------+----------------------+-----
Stealth        | 1 2 3 4 5 |  5.6
Dodging        | 1 2 3 |  3.5
Armour         | 3 |  3.9
Shields        | 3 |  3.3
Polearms       | 3 |  3.3
Fighting       | |  3.8

Action                   |  1- 3 |  4- 6 |  7- 9 || total
-------------------------+-------+-------+-------++-------
Melee: Trident           |    50 |   205 |   238 ||   493
 Abil: Spit Poison       |    29 |    33 |     9 ||    71
  Use: Potion            |       |     2 |     6 ||     8
       Scroll            |       |       |     8 ||     8
  Eat: Chunk             |     1 |     5 |     1 ||     7
       Bread ration      |       |     1 |       ||     1
       Meat ration       |       |       |     1 ||     1
       Beef jerky        |       |       |     1 ||     1
Armor: Scale mail        |    33 |    96 |   120 ||   249
Dodge: Dodged            |    12 |    47 |    64 ||   123
Block: Shield            |    36 |    84 |   116 ||   236
